[Event "Late-Titled-Tuesday-Blitz-November-28-2023"]
[Site "Chess.com"]
[Date "2023.11.28"]
[Round "10"]
[White "StellarChessPro"]
[Black "DawnofEpiphany"]
[Result "1-0"]
[WhiteElo "2537"]
[BlackElo "2626"]
[TimeControl "180+1"]
[EndTime "15:50:41 PST"]
[Termination "StellarChessPro won by resignation"]

1. c4 c6 2. e4 d5 3. exd5 cxd5 4. cxd5 Nf6 5. Nc3 Nxd5 6. Bc4 e6 7. Nf3 Be7 8. O-O O-O 9. Re1 Nc6 10. d4 b6 11.
Nxd5 exd5 12. Bb5 Bb7 13. Bd2 Bf6 14. Bc3 Re8 15. Bd3 Qd6 16. Rc1 Rxe1+ 17. Qxe1 Rd8 18. Qe2 Bc8 19. h3 Be6 20. Re1 h6 21. a3 Re8 22. Kh1 Re7 23. Qd1 Bd7 24. Rxe7 Nxe7 25. Ne5 Bf5 26. Be2 Ng6 27. Nxg6 Bxg6 28. Bf3 Be4 29.
Bxe4 dxe4 30. Qa4 Qf4 31. Qe8+ Kh7 32. Kg1 Qc1+ 33. Kh2 Qf4+ 34. Kg1 Bh4 35. g3 Bxg3 36.
fxg3 Qxg3+ 37. Kf1 Qf3+ 38. Ke1 e3 39. d5 f5 40. Qe5 Qf2+ 41. Kd1 Qg1+ 42. Kc2 Qg6 43.
Qxe3 1-0

[Event "Late-Titled-Tuesday-Blitz-November-28-2023"]
[Site "Chess.com"]
[Date "2023.11.28"]
[Round "10"]
[White "GothamChess"]
[Black "VitorBronson"]
[Result "1-0"]
[WhiteElo "2658"]
[BlackElo "2525"]
[TimeControl "180+1"]
[EndTime "15:50:44 PST"]
[Termination "GothamChess won by resignation"]

1. d4 d5 2. Nc3 Nf6 3. Bf4 e6 4.
e3 c5 5. Nge2 a6 6. g4 Nxg4 7.
Rg1 Nf6 8. a3 Nc6 9. Qd2 Na5 10.
Ng3 Bd7 11. dxc5 Rc8 12. b4 Nc6 13. Be2 h6 14. Nh5 Nxh5 15. Bxh5 g6 16. Rxg6 Qh4 17. Nxd5 exd5 18. Qxd5 fxg6 19. Bxg6+ Kd8 20. O-O-O Qe7 21. Bf5 Rh7 22. Bxd7 Qxd7 23. Qg8 Ke8 24. Rxd7 Rxd7 25. Qg6+ Rf7 26. Qe6+ Ne7 27. Bd6 Rc6 28. f4 Rg7 29. f5 Rg1+ 30. Kb2 Kd8 31. Qf7 Bg7+ 32. f6 1-0

[Event "Late-Titled-Tuesday-Blitz-November-28-2023"]
[Site "Chess.com"]
[Date "2023.11.28"]
[Round "10"]
[White "venturov"]
[Black "The_Princess_Moon"]
[Result "1-0"]
[WhiteElo "2488"]
[BlackElo "2395"]
[TimeControl "180+1"]
[EndTime "15:50:45 PST"]
[Termination "venturov won by resignation"]

1. e4 c5 2. Nf3 a6 3. b4 cxb4 4. a3 bxa3 5. Bxa3 d5 6. e5 Bg4 7. d4 e6 8. Bxf8 Kxf8 9. Bd3 Nc6 10. c3 Nh6 11. h3 Bf5 12. g4 Bxd3 13. Qxd3 Rc8 14. O-O Na5 15. Nbd2 Nc4 16. Nxc4 Rxc4 17. Nd2 Rc7 18. f4 Qh4 19. Kg2 Nxg4 20. hxg4 Qxg4+ 21. Qg3 Qxg3+ 22. Kxg3 Rxc3+ 23. Rf3 Rc4 24. Rd3 Rc7 25.
Nb3 Ke7 26. Nc5 f6 27. Rb3 fxe5 28. fxe5 b6 29. Nxa6 Ra7 30. Rxb6 Rha8 31. Kg4 Kf7 32. Rf1+ Ke7 33. Nc5 Ra2 34. Rxe6+ Kd8 35. Rf8+ Kc7 36. Rf7+ Kd8 37. Nb7+ 1-0

[Event "Late-Titled-Tuesday-Blitz-November-28-2023"]
[Site "Chess.com"]
[Date "2023.11.28"]
[Round "10"]
[White "alexrustemov"]
[Black "grandemestregringo"]
[Result "1-0"]
[WhiteElo "2842"]
[BlackElo "2654"]
[TimeControl "180+1"]
[EndTime "15:50:46 PST"]
[Termination "alexrustemov won by resignation"]

1. d4 f5 2. g3 Nf6 3. Bg2 g6 4. Nf3 Bg7 5. O-O O-O 6. c4 d6 7. Nc3 Qe8 8. d5 Na6 9. Be3 Bd7 10. Qd2 Ng4 11. Bd4 Bh6 12. e3 c5 13. dxc6 bxc6 14.
Ne2 Nc5 15. Bxc5 dxc5 16. h3 Nf6 17. Ne5 Rb8 18. Rad1 Be6 19. Bxc6 Qc8 20. Nf4 Bxc4 21. Nd5 Bxd5 22. Bxd5+ Kg7 23. Qc2 f4 24. exf4 Qxh3 25. Bg2 Qe6 26. b3 Rfd8 27. Qxc5 Rxd1 28. Rxd1 Rb6 29.
Nc4 Ra6 30. a4 Qe2 31. Qd4 Re6 32. Qd3 Qa2 33. Bf3 g5 34. fxg5 Bxg5 35. Qf5 1-0

[Event "Late-Titled-Tuesday-Blitz-November-28-2023"]
[Site "Chess.com"]
[Date "2023.11.28"]
[Round "10"]
[White "rdarruda"]
[Black "Zavgorodniy_Sergiy"]
[Result "1/2-1/2"]
[WhiteElo "2523"]
[BlackElo "2644"]
[TimeControl "180+1"]
[EndTime "15:50:46 PST"]
[Termination "Game drawn by repetition"]

1. d4 d5 2. Nf3 Nf6 3. c4 dxc4 4. e3 e6 5. Bxc4 a6 6. O-O b5 7. Be2 Bb7 8. Nc3 Nbd7 9. b3 c5 10. Bb2 Rc8 11. Rc1 Be7 12. dxc5 Bxc5 13. Nd4 O-O 14. Bf3 Qb6 15. Bxb7 Qxb7 16. Qf3 Qb6 17. Rfd1 Rfd8 18. h3 Ne5 19. Qe2 Bxd4 20. exd4 Ng6 21. Ne4 Nxe4 22.
Qxe4 Ne7 23. Rxc8 Rxc8 24. Rc1 Rxc1+ 25. Bxc1 Qc6 26. Qxc6 Nxc6 27. Bb2 Kf8 28. Kf1 Nb4 29. Ba3 a5 30. Ke2 Ke7 31. Ke3 Kd6 32. Bxb4+ axb4 33.
Ke4 f5+ 34. Kd3 Kd5 35. f4 g6 36. h4 h6 37. Ke3 Kd6 38. Kd3 Ke7 39. g3 Kf6 40. Ke3 g5 41. h5 g4 42. Kd3 Ke7 43.
Ke3 Kd6 44. Kd3 Kd5 45. Ke3 Kd6 46. Kd3 Kc6 47. Ke3 Kd5 48. Kd3 Kd6 49. Ke3 Kd7 50. Kd3 Kc7 51. Ke3 Kc6 52. Kd3 Kd7 53. Ke3 Ke7 54. Kd3 Kd6 55. Ke3 Kd5 56. Kd3 Kc6 57. Ke3 Kd6 1/2-1/2

[Event "Late-Titled-Tuesday-Blitz-November-28-2023"]
[Site "Chess.com"]
[Date "2023.11.28"]
[Round "10"]
[White "jefferyx"]
[Black "GHANDEEVAM2003"]
[Result "1-0"]
[WhiteElo "3006"]
[BlackElo "3111"]
[TimeControl "180+1"]
[EndTime "15:50:58 PST"]
[Termination "jefferyx won by resignation"]

1. d4 g6 2. e4 Bg7 3. Nf3 d6 4. Be3 a6 5. c4 Nd7 6. Nc3 e5 7. Be2 Ngf6 8. Qd2 O-O 9. Bh6 Re8 10. Bxg7 Kxg7 11. d5 Nc5 12. Qe3 a5 13. Nd2 Bg4 14. f3 Bd7 15. g4 h5 16. h3 c6 17. O-O-O cxd5 18. exd5 Rh8 19. g5 Nh7 20. h4 Bf5 21. Nf1 Qb6 22. Qd2 Rhe8 23. Ng3 Nf8 24. Nxf5+ gxf5 25. f4 e4 26. Qd4+ Kg8 27. Bxh5 Rac8 28. Kb1 Ncd7 29. Nb5 Rc5 30. Rhg1 Re7 31. g6 f6 32. g7 Rxg7 33. Rxg7+ Kxg7 34. Rg1+ Kh8 35. Qd1 Nh7 36. Bf7 Rc8 37. Be6 Rd8 38. Bxf5 e3 39. Qh5 Nf8 40. Qf7 1-0

[Event "Late-Titled-Tuesday-Blitz-November-28-2023"]
[Site "Chess.com"]
[Date "2023.11.28"]
[Round "10"]
[White "Sic_Transit_GM"]
[Black "zajka-molotok"]
[Result "1-0"]
[WhiteElo "2724"]
[BlackElo "2545"]
[TimeControl "180+1"]
[EndTime "15:50:58 PST"]
[Termination "Sic_Transit_GM won by resignation"]

1. g3 d5 2. Bg2 e5 3. Nf3 e4 4.
Nd4 c5 5. Nb3 f5 6. d3 Nf6 7.
Bg5 Be6 8. dxe4 dxe4 9. Qxd8+ Kxd8 10. Nc3 Nd7 11. O-O-O Be7 12. f3 exf3 13. exf3 Bxb3 14. axb3 Kc8 15. Rhe1 Re8 16. Bh3 g6 17. Nb5 a6 18.
Nc3 Kc7 19. g4 fxg4 20. fxg4 Rad8 21. Bf4+ Kb6 22. g5 Nh5 23. Nd5+ Ka7 24. Rxe7 Rxe7 25. Nxe7 Nxf4 26. Bxd7 Ne2+ 27. Kb1 Kb8 28. c4 Kc7 29. Nd5+ Kxd7 30. Nf6+ Kc8 31. Rxd8+ Kxd8 32. Nxh7 Ke7 33. Kc2 Ke6 34. Kd3 Nd4 35. b4 b6 36. bxc5 bxc5 37. b4 Nb3 38. b5 axb5 39. cxb5 Na5 40. h4 Kd5 41. Nf8 c4+ 42. Kc3 Kc5 43. Nxg6 Kxb5 44. Ne5 Kc5 45. g6 Nb7 46. g7 Nd6 47. g8=Q 1-0

[Event "Late-Titled-Tuesday-Blitz-November-28-2023"]
[Site "Chess.com"]
[Date "2023.11.28"]
[Round "10"]
[White "Kostukov_Alex"]
[Black "lluiss"]
[Result "1-0"]
[WhiteElo "2361"]
[BlackElo "2199"]
[TimeControl "180+1"]
[EndTime "15:51:01 PST"]
[Termination "Kostukov_Alex won by resignation"]

1. g3 d5 2. Bg2 Nf6 3. d3 g6 4. e4 Bg7 5. exd5 Nxd5 6. Ne2 O-O 7.
O-O e5 8. Nbc3 Nxc3 9. bxc3 Nc6 10. Rb1 Qd7 11. Be3 Rb8 12. c4 b6 13. Nc3 Ne7 14. Qc1 Nf5 15. Qa3 Nxe3 16. fxe3 c6 17. Qa4 b5 18.
cxb5 cxb5 19. Rxb5 Rxb5 20. Qxb5 Qxb5 21. Nxb5 Bd7 22.
Nxa7 Rb8 23. c4 Bf8 24. Bd5 Be8 25. Nb5 Bc5 26. d4 exd4 27. exd4 Bb4 28. Nc7 1-0

[Event "Late-Titled-Tuesday-Blitz-November-28-2023"]
[Site "Chess.com"]
[Date "2023.11.28"]
[Round "10"]
[White "Bryanl106"]
[Black "kingofthenil"]
[Result "0-1"]
[WhiteElo "2498"]
[BlackElo "2701"]
[TimeControl "180+1"]
[EndTime "15:51:06 PST"]
[Termination "kingofthenil won by checkmate"]

1. e4 Nc6 2. d4 d5 3. e5 Bf5 4. Bd3 Nxd4 5. Bxf5 Nxf5 6. e6 fxe6 7. Nf3 Nf6 8. O-O e5 9. Nxe5 e6 10. Re1 Bd6 11. Ng4 O-O 12. Rxe6 Nxg4 13. Qxg4 Qd7 14.
Re1 Rae8 15. Bd2 Bc5 16. Rf1 Re4 17. Qh3 Re2 18. a4 Rxf2 19. Rxf2 Bxf2+ 20. Kxf2 Nd4+ 21. Kg3 Qd6+ 22. Kh4 Nf5+ 23. Kg4 Qg6+ 24. Kf4 Ng3+ 25. Ke3 Qe4# 0-1

[Event "Late-Titled-Tuesday-Blitz-November-28-2023"]
[Site "Chess.com"]
[Date "2023.11.28"]
[Round "10"]
[White "kai_nov"]
[Black "temiksmozg"]
[Result "0-1"]
[WhiteElo "2308"]
[BlackElo "2602"]
[TimeControl "180+1"]
[EndTime "15:51:09 PST"]
[Termination "temiksmozg won on time"]

1. d4 Nf6 2. c4 e6 3. Nc3 d5 4.
cxd5 exd5 5. Bg5 c6 6. e3 Be7 7. Bd3 h6 8. Bf4 O-O 9. Nf3 Bd6 10. Ne5 Qe7 11. O-O Nbd7 12. Nxd7 Bxd7 13. Bxd6 Qxd6 14. h3 Rfe8 15. Rb1 a5 16. a3 Re7 17. b4 axb4 18. axb4 b5 19. Qb3 Be6 20. Ra1 Rea7 21. Rxa7 Rxa7 22.
Qb2 g5 23. f4 g4 24. f5 Bd7 25. Rf4 gxh3 26. g4 Qe7 27. e4 dxe4 28. Nxe4 Nd5 29. f6 Qxb4 30. Qf2 Nxf4 31. Qxf4 Qxd4+ 32. Kh1 Qxd3 0-1

[Event "Late-Titled-Tuesday-Blitz-November-28-2023"]
[Site "Chess.com"]
[Date "2023.11.28"]
[Round "10"]
[White "picturesquecheck"]
[Black "NikolasTheiss"]
[Result "1-0"]
[WhiteElo "2398"]
[BlackElo "2513"]
[TimeControl "180+1"]
[EndTime "15:51:09 PST"]
[Termination "picturesquecheck won by checkmate"]

1. e4 c5 2. Nf3 Nc6 3. d4 cxd4 4. Nxd4 Nf6 5. Nc3 e5 6. Ndb5 d6 7. Bg5 a6 8. Na3 b5 9. Nd5 Qa5+ 10. Bd2 Qd8 11. Bg5 Be7 12. Bxf6 Bxf6 13. c3 O-O 14. Nc2 Bg5 15. a4 Rb8 16. axb5 axb5 17. Bd3 Be6 18.
Ncb4 Bxd5 19. Nxd5 Ne7 20. Nxe7+ Qxe7 21. O-O b4 22. Bc4 bxc3 23. bxc3 Rfc8 24. Qd3 Qc7 25.
Ra4 Qc6 26. Rfa1 g6 27. g3 Kg7 28. h4 Bc1 29. Bd5 Qxc3 30. Qxc3 Rxc3 31. Ra7 Rf8 32. Rd7 Ba3 33. Kg2 Bc5 34. Ra2 h5 35. Rb2 g5 36.
hxg5 Kg6 37. f4 exf4 38. gxf4 h4 39. Rbb7 h3+ 40. Kh2 Be3 41. Bxf7+ Kg7 42. Bh5+ Kg8 43. Rg7+ Kh8 44. Rh7+ Kg8 45. Rbg7# 1-0

[Event "Late-Titled-Tuesday-Blitz-November-28-2023"]
[Site "Chess.com"]
[Date "2023.11.28"]
[Round "10"]
[White "PapaieDudu"]
[Black "Matthew_Clarke"]
[Result "0-1"]
[WhiteElo "2408"]
[BlackElo "2282"]
[TimeControl "180+1"]
[EndTime "15:51:09 PST"]
[Termination "Matthew_Clarke won by checkmate"]

1. e4 e5 2. Nf3 Nc6 3. Bb5 a6 4. Ba4 Nf6 5. d3 b5 6. Bb3 Bc5 7. c3 O-O 8. Bg5 d6 9. Nbd2 Bb6 10. h3 Ne7 11. Bxf6 gxf6 12. Nf1 f5 13. Ne3 f4 14. Ng4 Ng6 15. Ngh2 Qe7 16. Nf1 Kh8 17. Qe2 f5 18.
O-O-O fxe4 19. Qxe4 Bf5 20. Qe2 c5 21. Bd5 Rab8 22. g4 fxg3 23. Nxg3 Nf4 24. Qd2 Nxd5 25.
Rde1 Qb7 26. Nh4 Be6 27. Rhg1 Nf4 28. Ne4 Nxh3 29. Qh6 Nxg1 30. Ng6+ Kg8 31. Rxg1 Rf7 32. Nxd6 Rg7 33. Nxb7 Rbxb7 34. Rg5 hxg6 35. Rxg6 Bd8 36. Rxe6 Bg5+ 37. Qxg5 Rxg5 38. Rf6 Kg7 39. Rf3 Rf7 40. Re3 Rxf2 41. Re1 Rgg2 42. Rxe5 Rg1+ 43. Re1 Rxe1# 0-1

[Event "Late-Titled-Tuesday-Blitz-November-28-2023"]
[Site "Chess.com"]
[Date "2023.11.28"]
[Round "10"]
[White "ameetghasi100"]
[Black "bazar-wokzal"]
[Result "0-1"]
[WhiteElo "2805"]
[BlackElo "2660"]
[TimeControl "180+1"]
[EndTime "15:51:16 PST"]
[Termination "bazar-wokzal won on time"]

1. d4 Nf6 2. Nf3 e6 3. e3 c5 4. Bd3 b6 5. O-O Bb7 6. b3 Be7 7. Bb2 O-O 8. Nbd2 d5 9. Re1 Nc6 10. a3 Rc8 11. Rc1 Qc7 12. c4 dxc4 13. Nxc4 cxd4 14.
Nxd4 Nxd4 15. Bxd4 Rfd8 16. Qe2 b5 17. Nd2 Qxc1 18.
Rxc1 Rxc1+ 19. Nf1 Bxa3 20. Bxb5 e5 21. Bxe5 Rdd1 22.
Qa2 Bc5 23. Be2 Re1 24. Qd2 Ne4 25. Qd8+ Bf8 26. Bc4 Rcd1 27. Qc7 Bd5 28. Ba6 Nd2 29. h4 Nxf1 30. Bxf1 Rxf1+ 31. Kh2 Rxf2 0-1

[Event "Late-Titled-Tuesday-Blitz-November-28-2023"]
[Site "Chess.com"]
[Date "2023.11.28"]
[Round "10"]
[White "The_Straightforward_Rook"]
[Black "Alohamora11"]
[Result "0-1"]
[WhiteElo "2460"]
[BlackElo "2584"]
[TimeControl "180+1"]
[EndTime "15:51:20 PST"]
[Termination "Alohamora11 won by resignation"]

1. e4 c5 2. c3 g6 3. d4 cxd4 4. cxd4 d5 5. e5 Bg7 6. h3 Nc6 7. Nf3 Nh6 8. Nc3 O-O 9. Bb5 Qb6 10. O-O Nf5 11. Bxc6 Qxc6 12. g4 Nh6 13. Be3 f6 14.
exf6 exf6 15. Qb3 Be6 16. Rac1 Qd7 17. Nh2 Nf7 18. Nb5 Nd6 19. Nxd6 Qxd6 20. Qxb7 Rab8 21. Rc6 Qxh2+ 22. Kxh2 Rxb7 23. Rxe6 Rxb2 24. Ra6 f5 25. gxf5 gxf5 26. Rxa7 f4 27. Rg1 Rf7 28. Ra8+ Rf8 29. Ra7 Rf7 30. Rxf7 Kxf7 31. Bxf4 Rxf2+ 32. Rg2 Rxf4 33. a4 Rxd4 34. a5 Ra4 0-1

[Event "Late-Titled-Tuesday-Blitz-November-28-2023"]
[Site "Chess.com"]
[Date "2023.11.28"]
[Round "10"]
[White "Nf3c5"]
[Black "ChessSwole"]
[Result "0-1"]
[WhiteElo "2519"]
[BlackElo "2702"]
[TimeControl "180+1"]
[EndTime "15:51:21 PST"]
[Termination "ChessSwole won on time"]

1. Nf3 d5 2. d4 Nf6 3. e3 Bf5 4. c4 e6 5. Nc3 c6 6. Nh4 Be4 7. f3 Bg6 8. Qb3 Qc7 9. Bd2 Be7 10. Rc1 Nbd7 11. cxd5 exd5 12. Nxg6 hxg6 13. g3 Bd6 14. Bg2 Rxh2 15. Rxh2 Bxg3+ 16. Ke2 Bxh2 17. f4 Bg3 18. Nxd5 Nxd5 19. Qxd5 Bh4 20. Qe4+ Be7 21. d5 Nf6 22. Qd3 Rd8 23. e4 Qb6 24. Bc3 cxd5 25. e5 Ng4 26. Qf3 Nh6 27. Bh3 d4 28. Bd2 d3+ 29. Kd1 Qg1+ 30. Be1 d2 0-1

[Event "Late-Titled-Tuesday-Blitz-November-28-2023"]
[Site "Chess.com"]
[Date "2023.11.28"]
[Round "10"]
[White "Actuary44"]
[Black "NigelDwarf"]
[Result "1-0"]
[WhiteElo "2484"]
[BlackElo "2541"]
[TimeControl "180+1"]
[EndTime "15:51:22 PST"]
[Termination "Actuary44 won by resignation"]

1. e4 c5 2. d4 cxd4 3. c3 dxc3 4. Nxc3 Nc6 5. f4 e6 6. Nf3 Bc5 7. Bd3 d6 8. Qe2 Nf6 9. Bd2 a6 10. O-O-O b5 11. Kb1 Nb4 12. e5 Nfd5 13. Nxd5 Nxd5 14. f5 dxe5 15. Nxe5 Qf6 16. Bxb5+ Kf8 17. Bc6 Rb8 18. fxe6 Bd4 19. Rhf1 Rxb2+ 20. Kc1 Qxe6 21. Rxf7+ Kg8 22. Bxd5 Qxd5 23. Nc4 Qxf7 24. Nxb2 Bf5 25. Bf4 Bxb2+ 26.
Kxb2 Qf6+ 27. Be5 Qb6+ 28. Ka1 Kf7 29. Qc4+ Be6 30. Rd7+ Ke8 31. Qc8+ 1-0

[Event "Late-Titled-Tuesday-Blitz-November-28-2023"]
[Site "Chess.com"]
[Date "2023.11.28"]
[Round "10"]
[White "Goryachkina"]
[Black "elchacal664"]
[Result "1-0"]
[WhiteElo "2657"]
[BlackElo "2384"]
[TimeControl "180+1"]
[EndTime "15:51:24 PST"]
[Termination "Goryachkina won on time"]

1. e4 c5 2. Nf3 d6 3. d4 cxd4 4.
Nxd4 Nf6 5. Nc3 g6 6. Be2 a6 7. a4 Bg7 8. O-O O-O 9. Be3 Bd7 10. a5 Nc6 11. Nb3 Rc8 12. f3 Ne5 13. Kh1 Nc4 14.
Bxc4 Rxc4 15. Qd3 Rc8 16. Bb6 Qe8 17. Rad1 Be6 18. Rfe1 Nd7 19. Bd4 Ne5 20. Qe2 Nc4 21. Bxg7 Kxg7 22. Rb1 Nxb2 23. Nd5 Nc4 24. Nd4 Bxd5 25.
exd5 Rc7 26. f4 Nxa5 27. f5 Nc4 28. Rb3 Ne5 29. Rh3 Qa4 30. Qd2 Rh8 31. Qh6+ Kg8 32. fxg6 Nxg6 33. Nf5 1-0

[Event "Late-Titled-Tuesday-Blitz-November-28-2023"]
[Site "Chess.com"]
[Date "2023.11.28"]
[Round "10"]
[White "JSPrepz"]
[Black "BogdanDeac"]
[Result "0-1"]
[WhiteElo "2887"]
[BlackElo "3005"]
[TimeControl "180+1"]
[EndTime "15:51:27 PST"]
[Termination "BogdanDeac won by resignation"]

1. e4 e5 2. Nf3 Nf6 3. Nc3 Nc6 4. a3 g6 5. Nxe5 Nxe5 6. d4 Nc6 7. d5 Bg7 8. dxc6 bxc6 9. Bd3 O-O 10. O-O Re8 11. Re1 d6 12. Bg5 h6 13. Bh4 Rb8 14. Rb1 g5 15. Bg3 Ng4 16. Qd2 h5 17. h3 h4 18. Be2 hxg3 19. Bxg4 Bxg4 20. hxg4 Qf6 21. fxg3 Rxb2 22. e5 Rxb1 23. Nxb1 Rxe5 24. Rf1 Qe6 25. Nc3 Qxg4 26. Qd3 Re3 27. Qxe3 Bd4 28. Nd1 Bxe3+ 29. Nxe3 Qxg3 30. Nf5 Qxa3 31. Ne7+ Kf8 32. Nf5 Qc5+ 33.
Kh2 Qxc2 34. Kg3 Qe4 35. Kh3 a5 36. g4 a4 37. Kg3 a3 38. Rf2 c5 39. Rd2 Qf4+ 0-1

[Event "Late-Titled-Tuesday-Blitz-November-28-2023"]
[Site "Chess.com"]
[Date "2023.11.28"]
[Round "10"]
[White "SouS007"]
[Black "kleber2007"]
[Result "1-0"]
[WhiteElo "2576"]
[BlackElo "2390"]
[TimeControl "180+1"]
[EndTime "15:51:29 PST"]
[Termination "SouS007 won by checkmate"]

1. h4 d5 2. d4 c5 3. e4 dxe4 4. d5 e6 5. Bb5+ Bd7 6. dxe6 fxe6 7. Qh5+ g6 8. Qe5 Nf6 9. Bg5 Be7 10. Nc3 O-O 11. O-O-O Nc6 12. Bxc6 bxc6 13. Nh3 Nd5 14. Nxe4 Bxg5+ 15. Nhxg5 Rf5 16. Qd6 h6 17. Nxe6 Bxe6 18. Qxe6+ Kg7 19. h5 Qe8 20. Qxe8 Rxe8 21. Nd6 Re6 22.
Nxf5+ gxf5 23. Rh3 f4 24. Ra3 Re2 25. Rxa7+ Kf6 26.
Ra6 Rxf2 27. Rxd5 Rf1+ 28. Rd1 f3 29. Rxc6+ Ke5 30. Rxf1 Kd5 31. Rxf3 Kxc6 32. Rf6+ Kb5 33. Rxh6 c4 34. Rg6 Kc5 35. Rg8 Kd6 36. Rc8 Kd7 37.
Rxc4 Kd6 38. h6 Kd5 39. b3 Ke5 40. h7 Kf6 41. h8=Q+ Kg5 42. Qh1 Kf5 43. Rh4 Ke5 44. Qf1 Kd5 45. g4 Ke6 46. g5 Ke5 47. g6 Kd5 48. g7 Kc5 49. Rh2 Kb4 50. Kb2 Kc5 51. Rg2 Kd5 52. Qh1 Kd4 53. g8=Q Ke5 54. Qgh8+ Ke4 55.
Q8h2 Kf3 56. a4 Ke4 57. a5 Kd4 58. a6 Kc5 59. a7 Kb6 60. a8=Q Kc5 61. Qaa1 Kb5 62.
c3 Kc5 63. b4+ Kb5 64. Kb3 Kb6 65. c4 Kb7 66. Kb2 Kb6 67. b5 Kb7 68. c5 Kc8 69. c6 Kd8 70. b6 Ke7 71. b7 Ke6 72. b8=Q Kd5 73. c7 Kd4 74. c8=Q Ke3 75. Re2+ Kd3 76. Qad1# 1-0

[Event "Late-Titled-Tuesday-Blitz-November-28-2023"]
[Site "Chess.com"]
[Date "2023.11.28"]
[Round "10"]
[White "Ducke13"]
[Black "Felix-Rose"]
[Result "1-0"]
[WhiteElo "2448"]
[BlackElo "2319"]
[TimeControl "180+1"]
[EndTime "15:51:30 PST"]
[Termination "Ducke13 won by resignation"]

1. d4 d5 2. g3 Nf6 3. Nf3 e6 4. Bg2 b5 5. O-O Bb7 6. a4 b4 7. c4 c5 8. cxd5 Bxd5 9. Bg5 Nbd7 10. a5 h6 11. Bf4 Be7 12. dxc5 Nxc5 13. Nbd2 O-O 14. Re1 Nfe4 15. Nxe4 Bxe4 16. Ne5 Bxg2 17. Kxg2 Qc8 18. Rc1 Qb7+ 19. f3 Rfd8 20. Qc2 Rac8 21. Red1 b3 22. Rxd8+ Rxd8 23. Qc4 a6 24. Be3 Nd7 25.
Nc6 Re8 26. Bd4 Bf8 27. Rc3 e5 28. Rxb3 Qc7 29. Bb6 Nxb6 30. axb6 Qb7 31. Na5 Qb8 32. b7 e4 33. fxe4 Bd6 34. Nc6 Qc7 35. b8=Q Rxb8 36. Rxb8+ Qxb8 37. Nxb8 1-0

[Event "Late-Titled-Tuesday-Blitz-November-28-2023"]
[Site "Chess.com"]
[Date "2023.11.28"]
[Round "10"]
[White "djano"]
[Black "gahryman"]
[Result "1-0"]
[WhiteElo "2615"]
[BlackElo "2699"]
[TimeControl "180+1"]
[EndTime "15:51:36 PST"]
[Termination "djano won on time"]

1. e4 c5 2. Nc3 Nc6 3. Bb5 Nd4 4. Nf3 e6 5. O-O a6 6. Bd3 Nc6 7. Be2 Nf6 8. d4 cxd4 9. Nxd4 Qc7 10. Kh1 h5 11. f4 Nxd4 12. Qxd4 Bc5 13. Qd3 b5 14.
Bf3 Bb7 15. e5 Ng4 16. Ne4 Bxe4 17. Qxe4 Rc8 18. Qe2 Be7 19. Be4 d5 20. Bd3 Bc5 21. a4 Qe7 22. Qe1 g6 23. axb5 axb5 24. Bxb5+ Kf8 25.
Bd3 Kg7 26. h3 Bb6 27. Bd2 Qc5 28. Bb4 Qd4 29. Bd2 Qxb2 30. Rb1 Qd4 31. Rb4 Qc5 32. Rb5 Qc7 33. Qh4 Rb8 34. Rfb1 1-0

[Event "Late-Titled-Tuesday-Blitz-November-28-2023"]
[Site "Chess.com"]
[Date "2023.11.28"]
[Round "10"]
[White "HalfIsCrayfish"]
[Black "stasOR4ik"]
[Result "1-0"]
[WhiteElo "2603"]
[BlackElo "2488"]
[TimeControl "180+1"]
[EndTime "15:51:39 PST"]
[Termination "HalfIsCrayfish won by resignation"]

1. e4 c6 2. Nc3 d5 3. Nf3 Bg4 4. h3 Bxf3 5. Qxf3 d4 6. Nb1 e5 7.
d3 c5 8. Be2 Nc6 9. O-O Bd6 10.
Qg3 Qf6 11. Na3 O-O-O 12. f4 Qg6 13. Bg4+ Kb8 14. Nb5 h5 15. Nxd6 Rxd6 16. f5 Qh7 17. Be2 h4 18. Qf2 g6 19. fxg6 fxg6 20. Qf8+ Rd8 21.
Qf7 Nge7 22. Bg5 Rdf8 23. Qxf8+ Rxf8 24. Rxf8+ Kc7 25. Raf1 Nd8 26. Bg4 Qg7 27. R1f6 b6 28. Rxd8 Kxd8 29. Rd6+ Ke8 30. Re6 b5 31. Rxe7+ Qxe7 32.
Bxe7 Kxe7 33. Kf2 c4 34. dxc4 bxc4 35. Be2 c3 36. bxc3 dxc3 37. Ke3 Kd6 38. Kd3 Kc5 39. Kxc3 1-0

[Event "Late-Titled-Tuesday-Blitz-November-28-2023"]
[Site "Chess.com"]
[Date "2023.11.28"]
[Round "10"]
[White "MathiasWomacka"]
[Black "KVAIDAN"]
[Result "1-0"]
[WhiteElo "2524"]
[BlackElo "2381"]
[TimeControl "180+1"]
[EndTime "15:51:40 PST"]
[Termination "MathiasWomacka won by resignation"]

1. e4 e5 2. Nf3 d5 3. exd5 e4 4. Qe2 Nf6 5. d3 Bb4+ 6. Bd2 O-O 7. dxe4 Re8 8. e5 Nxd5 9. Qc4 Nc6 10. Bd3 Nxe5 11.
Nxe5 Rxe5+ 12. Kf1 b5 13. Qd4 Qf6 14. Nc3 Bb7 15.
Nxd5 Re1+ 16. Rxe1 Qxd4 17. Nxb4 c5 18. Re7 Rb8 19.
h4 c4 20. Rh3 cxd3 21. Rxd3 Qxb2 22. Rdd7 Qb1+ 23. Ke2 a5 24. Rxb7 Rf8 25. Nd5 Qxc2 26. Ne3 Qc6 27. Rbc7 Qg6 28. g4 b4 29. h5 Qe4 30. Rxe4 h6 31. Ree7 a4 32. Ra7 b3 33.
axb3 axb3 34. Rab7 Rc8 35. Rxb3 1-0

[Event "Late-Titled-Tuesday-Blitz-November-28-2023"]
[Site "Chess.com"]
[Date "2023.11.28"]
[Round "10"]
[White "Fortitudine"]
[Black "GlavkonVVS"]
[Result "0-1"]
[WhiteElo "2388"]
[BlackElo "2507"]
[TimeControl "180+1"]
[EndTime "15:51:41 PST"]
[Termination "GlavkonVVS won on time"]

1. c4 Nf6 2. g3 c5 3. Bg2 g6 4. Nc3 Bg7 5. e4 Nc6 6. Nge2 d6 7.
O-O O-O 8. d3 a6 9. h3 Rb8 10.
a4 Ne8 11. Be3 Nc7 12. d4 b6 13. Qd2 e5 14. dxe5 dxe5 15. Nd5 Ne6 16. b4 Ned4 17.
Rab1 Bxh3 18. bxc5 Bxg2 19. Kxg2 bxc5 20. Rxb8 Qxb8 21.
Nec3 f5 22. Rb1 Qd6 23. exf5 gxf5 24. Rb6 f4 25. Bxd4 exd4 26. Ne4 f3+ 27. Kg1 Qe5 28. Qd3 Nb4 29. Nxb4 cxb4 30. Rxb4 Re8 31. Nd2 Qe2 32. Rb3 Qd1+ 33. Nf1 Qxd3 34. Rxd3 Re1 35. Rxf3 Rc1 36. Rd3 Rxc4 37. a5 Ra4 38. Kg2 Rxa5 39. Nd2 Ra4 40. Ne4 a5 41. Nc5 Rb4 42. Ne6 Bf6 0-1

[Event "Late-Titled-Tuesday-Blitz-November-28-2023"]
[Site "Chess.com"]
[Date "2023.11.28"]
[Round "10"]
[White "Dino_Ballecer"]
[Black "Alex_Sahakyan2006"]
[Result "0-1"]
[WhiteElo "2579"]
[BlackElo "2710"]
[TimeControl "180+1"]
[EndTime "15:51:43 PST"]
[Termination "Alex_Sahakyan2006 won by checkmate"]

1. e4 c5 2. Nf3 a6 3. g3 b5 4.
Bg2 Bb7 5. d3 g6 6. O-O Bg7 7. a4 d6 8. Re1 e5 9. Nc3 Ne7 10.
axb5 axb5 11. Rxa8 Bxa8 12. Nxb5 O-O 13. c4 Nbc6 14. Bd2 Nd4 15. Nfxd4 exd4 16. b4 Nc6 17.
bxc5 dxc5 18. f4 Bb7 19. e5 Qb8 20. Nd6 Ba8 21. Qa4 Qb2 22. Re2 Qb1+ 23. Kf2 Nb4 24.
Bxb4 Bxg2 25. Kxg2 cxb4 26. Qc2 Qa1 27. c5 Qc3 28. c6 b3 29. Qb2 Qxc6+ 30. Ne4 Rb8 31.
Qxd4 h6 32. Rb2 Rc8 33. Kf2 Qc2+ 34. Nd2 Qd1 35. Nxb3 Rc2+ 36. Rxc2 Qxc2+ 37. Kf3 Qxb3 38. Qc4 Qd1+ 39. Kg2 Qe2+ 40. Kh3 Qf1+ 41. Kg4 Bxe5 42. Qc8+ Kg7 43. fxe5 Qxd3 44. Kh3 Qf1+ 45. Kg4 Qe2+ 46. Kf4 Qxh2 47. Qd8 Qf2+ 48. Ke4 Qe2+ 49. Kf4 g5+ 50. Kf5 Qf3# 0-1

[Event "Late-Titled-Tuesday-Blitz-November-28-2023"]
[Site "Chess.com"]
[Date "2023.11.28"]
[Round "10"]
[White "krzyzan94"]
[Black "TimGrutter03"]
[Result "1-0"]
[WhiteElo "2731"]
[BlackElo "2542"]
[TimeControl "180+1"]
[EndTime "15:51:43 PST"]
[Termination "krzyzan94 won by resignation"]

1. Nf3 Nc6 2. g3 e5 3. d3 d5 4. Bg2 h6 5. O-O Be6 6. c4 dxc4 7. Qa4 Qd7 8. dxc4 e4 9. Rd1 Bd6 10. c5 exf3 11. Bxf3 Nge7 12. cxd6 cxd6 13. Nc3 O-O 14.
Ne4 d5 15. Bxh6 dxe4 16. Rxd7 Bxd7 17. Bxg7 Kxg7 18. Bxe4 Rfd8 19. Qa3 Bf5 20. Qc3+ Nd4 21. Bxb7 Rab8 22. Rd1 Rxb7 23. Rxd4 Rxd4 24. Qxd4+ f6 25. f3 Rd7 26. Qc5 Be6 27. Kf2 Bxa2 28. h4 Bf7 29. g4 Ng6 30. h5 Ne5 31. Kg3 Rd2 32. h6+ Kg6 33. f4 Nd7 34. Qh5+ Kh7 35.
Qxf7+ Kxh6 36. Kh4 1-0